 Dungeon Crawl Stone Soup version 0.29.1-12-g30fa7ad0bf (webtiles) character file.

Game seed: 4093601277869914755

302 Hrothgar the Chopper (level 6, -1/79 HPs)
             Began as a Hill Orc Monk on Jan 12, 2023.
             Was a Follower of Beogh.
             Slain by Duvessa
             ... wielding a +0 short sword
              (7 damage)
             ... on level 4 of the Dungeon.
             The game lasted 00:05:37 (1272 turns).

Hrothgar the Chopper (Hill Orc Monk)                Turns: 1272, Time: 00:05:38

Health: -1/79      AC: 23    Str: 14    XL:     6   Next: 37%
Magic:  7/7        EV:  2    Int: 12    God:    Beogh [*.....]
Gold:   89         SH:  0    Dex: 13    Spells: 2/7 levels left

rFire   . . .      SeeInvis .   a - +0 hand axe
rCold   . . .      Faith    .   (no shield)
rNeg    . . .      Spirit   .   (body armour currently unavailable)
rPois   +          Reflect  .   (helmet currently unavailable)
rElec   .          Harm     .   (cloak currently unavailable)
rCorr   .          Rampage  .   (gloves currently unavailable)
Will    .....      NoTele   +   (boots currently unavailable)
Stlth   ++........              (no amulet)
HPRegen 0.23/turn               (no ring)
MPRegen 0.10/turn               (no ring)

@: tree-form (expiring)
A: stationary, stasis, torment immunity, boosted hp
a: Renounce Religion


You were on level 4 of the Dungeon.
You worshipped Beogh.
Beogh was aware of your devotion.
You were a tree.
You visited 1 branch of the dungeon, and saw 4 of its levels.

You collected 89 gold pieces.

Inventory:

Hand Weapons
 a - a +0 hand axe (weapon)
Armour
 b - a +0 robe (melded)
 f - a +0 chain mail
Scrolls
 i - a scroll of teleportation
 j - a scroll of immolation {unknown}
Potions
 c - a potion of ambrosia
 e - 3 potions of resistance {unknown}
 g - a potion of degeneration {unknown}


   Skills:
 * Level 4.7 Fighting
 * Level 5.6 Axes
 * Level 1.5 Armour
 * Level 3.2 Dodging
 * Level 2.1 Stealth
 * Level 1.1 Spellcasting
 * Level 1.3 Conjurations
 * Level 0.3 Hexes
 * Level 0.5 Necromancy
 * Level 1.4 Fire Magic


You had 2 spell levels left.
You knew the following spells:

 Your Spells              Type           Power      Damage    Failure   Level
a - Foxfire               Conj/Fire      12%        2x1d4     17%         1
b - Inner Flame           Hex/Fire       2%         N/A       52%         3
c - Necrotise             Necr           4%         1d4       24%         1

Your spell library contained the following spells:

 Spells                   Type           Power      Damage    Failure   Level
 Apportation              Tloc           0%         N/A       30%         1
 Conjure Flame            Conj/Fire      3%         6-21      45%         3
 Flame Wave               Conj/Fire      3%         2d5       86%         4
 Alistair's Intoxication  Tmut/Pois      0%         N/A       100%        5
 Haunt                    Necr/Summ      0%         N/A       100%        7


Dungeon Overview and Level Annotations

Branches:
Dungeon (4/15)
 Temple: D:4-7

Altars:

Annotations:
D:4 Duvessa


Message History

Dowan hits you but does no damage.
You barely miss Dowan.
Dowan is almost dead.
You hit Duvessa. Duvessa barely misses you.
Dowan points at Duvessa and mumbles some strange words.
Duvessa seems to speed up.
You barely miss Dowan.
Dowan is almost dead.
You barely miss Duvessa. Duvessa hits you but does no damage.
Dowan hits you with a +2 vampiric dagger.
* * * LOW HITPOINT WARNING * * *
You hit Dowan.
You kill Dowan!
Beogh accepts your kill.
Duvessa weeps, and shakes her weapon.
Duvessa goes berserk!
You hit Duvessa but do no damage.
Your transformation is almost over.
Duvessa hits you but does no damage. x2
You hit Duvessa but do no damage.
Duvessa is moderately wounded.
Duvessa hits you with a +0 short sword!
* * * LOW HITPOINT WARNING * * *
You barely miss Duvessa.
Duvessa is moderately wounded.
Duvessa hits you but does no damage. Duvessa barely misses you.
You hit Duvessa but do no damage.
Duvessa is moderately wounded.
Duvessa hits you but does no damage.
You slash Duvessa!
Duvessa is heavily wounded.
Duvessa hits you but does no damage. x2
You hit Duvessa but do no damage.
Duvessa is heavily wounded.
Duvessa hits you with a +0 short sword.
* * * LOW HITPOINT WARNING * * *
Duvessa hits you but does no damage.
You barely miss Duvessa.
Duvessa is heavily wounded.
Duvessa hits you with a +0 short sword!
You die...

*,,,*,*,*
*,****,,,,+,
*,,,,,#.#
*,* ******,
*,,,**#.#
*,* *, *,,,*
#.# *,* *,
*,,,* #.#
*,* ** *****
#.# *,* #.#
*,*** #)###
*,,,* #♣e.#
***,******
###.###
*,,,,,,***
#...#
******..*,
####.# *#.*,
#....# #.*,
#....# #.#*
#....# #..#
#....# ##..
#....# #...


You could see Duvessa (berserk, fast).

Vanquished Creatures
  Sigmund (D:2)
  A scorpion (D:3)
  Dowan (D:4)
  A worm (D:3)
  An orc (D:4)
  2 endoplasms
  3 giant cockroaches
  2 hobgoblins
  3 quokkas
  3 ball pythons
  4 bats
  2 frilled lizards
  A kobold (D:2)
  A rat (D:3)
26 creatures vanquished.

Vanquished Creatures (others)
  An orc (D:4)
  3 foxfires
4 creatures vanquished.

Grand Total: 30 creatures vanquished

Notes
Turn   | Place    | Note
-------+----------+-------------------------------------------
     0 | D:1      | Hrothgar the Hill Orc Monk began the quest for the Orb.
     0 | D:1      | Reached XP level 1. HP: 19/19 MP: 1/1
   298 | D:1      | Reached XP level 2. HP: 25/27 MP: 2/2
   550 | D:2      | Learned a level 1 spell: Foxfire
   602 | D:2      | Found a faded altar of an unknown god.
   775 | D:2      | Noticed Sigmund
   783 | D:2      | Killed Sigmund
   784 | D:2      | Reached skill level 5 in Axes
   784 | D:2      | Reached skill level 1 in Armour
   784 | D:2      | Reached skill level 1 in Conjurations
   784 | D:2      | Reached skill level 1 in Fire Magic
   784 | D:2      | Reached XP level 3. HP: 27/34 MP: 2/4
   784 | D:2      | Reached XP level 4. HP: 32/41 MP: 2/5
   784 | D:2      | Reached XP level 5. HP: 37/47 MP: 2/6
   791 | D:2      | Got the Verses on Malignant Rites
   796 | D:2      | Learned a level 3 spell: Inner Flame
   798 | D:2      | Learned a level 1 spell: Necrotise
   908 | D:3      | Reached skill level 1 in Spellcasting
   913 | D:3      | Reached XP level 6. HP: 18/53 MP: 7/7
  1151 | D:4      | Became a worshipper of Beogh the Brigand
  1151 | D:4      | Reached * piety under Beogh
  1151 | D:4      | Reached ** piety under Beogh
  1225 | D:4      | Noticed Duvessa
  1225 | D:4      | Noticed Dowan
  1266 | D:4      | Killed Dowan
  1272 | D:4      | Slain by Duvessa

Illustrated notes

Levels and vault maps discovered:
D:1:      minmay_arrival_four_circles, layout_basic,
          hangedman_decor_clover_reticule
D:2:      layout_loops_ring, shapermc_ecumenical_altar_flowoftime,
          minmay_hexomino_u4, uniq_sigmund
D:3:      layout_basic, vehumet_altar_wand_db, uniq_grinder
D:4:      layout_basic, uniq_duvessa

Skill      XL: |  1  2  3  4  5 |
---------------+----------------+-----
Fighting       | 4 |  4.7
Axes           | 5 |  5.6
Armour         | 1 |  1.5
Dodging        | 3 |  3.2
Stealth        | 2 |  2.1
Conjurations   | 1 |  1.3
Fire Magic     | 1 |  1.4
Spellcasting   | 1 |  1.1
Hexes          | |  0.3
Necromancy     | |  0.5

Action                   |  1- 3 |  4- 6 || total
-------------------------+-------+-------++-------
Melee: Hand axe          |    56 |    70 ||   126
       Punch             |     2 |       ||     2
 Cast: Foxfire           |       |     2 ||     2
Invok: Convert to Beogh  |       |     1 ||     1
  Use: Scroll            |     3 |     2 ||     5
       Potion            |     1 |     5 ||     6
 Stab: Sleeping          |     2 |     1 ||     3
Armor: Robe              |    14 |     1 ||    15
       Skin              |       |    63 ||    63
Dodge: Dodged            |    33 |    39 ||    72
